Map: King Sejong Station LE

Players

IIIIIIIIIIII (TeebuL) - Winner!

  • Race: Protoss Protoss
  • League: Master

Miszu

  • Race: Terran Terran
  • League: Grandmaster

VOD

Have the link to the VOD?

Description

Time

  • Played on: May 26, 2016, 6:02 p.m.
  • Length: 5:15
Show
View Real Time Build Order
Export as new Build Order

IIIIIIIIIIII Protoss - Winner!

Build Orders: 1 Gate Expand, Phoenix Opening 

Get SALT Encoding   

  12  0:01  Probe (Chrono Boost)  
  13  0:11  Probe (Chrono Boost)  
  14  0:17  Pylon  
  14  0:22  Probe (Chrono Boost)  
  16  0:35  Probe (Chrono Boost)  
  16  0:36  Gateway  
  16  0:43  Assimilator  
  16  0:46  Probe (Chrono Boost)  
  17  0:57  Probe (Chrono Boost)  
  18  1:07  Probe (Chrono Boost)  
  19  1:20  Nexus  
  19  1:29  Cybernetics Core  
  20  1:32  Probe (Chrono Boost)  
  20  1:38  Assimilator  
  20  1:43  Probe (Chrono Boost)  
  21  1:48  Pylon  
  21  1:54  Probe (Chrono Boost)  
  22  2:06  Adept, Mothership Core (Chrono Boost)  
  26  2:15  Warp Gate  
  26  2:25  Probe (Chrono Boost)  
  27  2:32  Probe (Chrono Boost)  
  27  2:35  Probe (Chrono Boost)  
  29  2:43  Probe (Chrono Boost)  
  30  2:46  Probe (Chrono Boost)  
  30  2:49  Stargate  
  31  2:53  Probe (Chrono Boost)  
  31  2:56  Probe (Chrono Boost)  
  33  3:01  Pylon  
  33  3:04  Probe (Chrono Boost)  
  34  3:07  Probe (Chrono Boost)  
  35  3:14  Probe (Chrono Boost)  
  35  3:17  Probe (Chrono Boost)  
  37  3:25  Probe (Chrono Boost)  
  38  3:28  Probe (Chrono Boost)  
  38  3:34  Phoenix (Chrono Boost), Probe (Chrono Boost)  
  39  3:38  Robotics Facility  
  39  3:39  Probe  
  43  3:44  Probe  
  43  3:46  Gateway  
  43  3:48  Gateway  
  44  3:50  Pylon  
  44  3:51  Probe  
  44  3:55  Probe  
  48  4:03  Probe  
  48  4:05  Probe  
  50  4:13  Oracle (Chrono Boost)  
  51  4:17  Probe  
  51  4:19  Probe  
  51  4:29  Assimilator, Probe  
  51  4:30  Assimilator  
  52  4:31  Robotics Facility  
  52  4:33  Twilight Council  
  52  4:37  Nexus  
  52  4:38  Probe  
  53  4:47  Probe (Chrono Boost)  
  53  4:50  Probe (Chrono Boost)  
  53  4:51  Sentry x2  
  53  4:52  Adept  
  61  4:57  Pylon  
  61  4:58  Probe (Chrono Boost)  
  62  5:04  Pylon  
  62  5:09  Pylon  
  62  5:14  Pylon  
  62  5:15  Pylon  
Show
View Real Time Build Order
Export as new Build Order

Miszu Terran 

Build Orders: Reaper Expand 

Get SALT Encoding   

  12  0:00  SCV  
  13  0:12  SCV  
  14  0:17  Supply Depot  
  14  0:26  SCV  
  15  0:39  SCV  
  15  0:40  Barracks  
  16  0:44  Refinery  
  16  0:51  SCV  
  17  1:03  SCV  
  18  1:15  SCV  
  19  1:27  Orbital Command  
  19  1:29  Reaper  
  20  1:51  Command Center  
  21  1:54  SCV  
  21  1:56  Supply Depot  
  21  2:07  SCV  
  22  2:11  Engineering Bay  
  22  2:21  Barracks Reactor  
  22  2:22  SCV  
  23  2:23  Barracks  
  23  2:30  Refinery  
  23  2:35  SCV  
  24  2:38  Terran Infantry Weapons Level 1  
  24  2:48  SCV  
  25  2:59  Marine x2  
  25  3:00  SCV  
  25  3:03  Orbital Command  
  28  3:11  Barracks Tech Lab  
  28  3:17  Marine x2  
  28  3:18  SCV  
  31  3:31  Marine  
  31  3:32  SCV x2  
  33  3:35  Marine  
  33  3:41  Marine  
  33  3:44  SCV  
  33  3:46  SCV  
  36  3:49  Factory, Marine, Barracks  
  36  3:54  Marine  
  38  3:56  SCV  
  38  3:57  Supply Depot  
  38  3:58  SCV  
  38  3:59  Marine  
  41  4:07  Marauder  
  43  4:25  Marine x2  
  43  4:26  SCV  
  43  4:27  SCV  
  43  4:28  Marauder  
  43  4:30  Supply Depot  
  49  4:33  Starport, Factory Reactor  
  49  4:38  Refinery, SCV  
  49  4:41  Marine  
  49  4:43  Marine  
  49  4:45  SCV  
  53  4:51  SCV  
  54  4:53  Supply Depot  
  54  4:54  Marauder  
  54  4:57  SCV  
  58  5:03  SCV  
Tags
 
Add a new tag
Caveats
  • Supply blocks, unpowered buildings, or Contaminate may cause inaccurate times.
  • Supply counts are checked every 10 seconds.